 Dungeon Crawl Stone Soup version 0.26-a0-540-g8a0c9464d7 (webtiles) character file.

Game seed: 715289127169308182

36271 HoaS the Brawler (level 13, 0/114 HPs)
             Began as a Ghoul Gladiator on Aug 16, 2020.
             Was a High Priest of Makhleb.
             Slain by a polar bear (2 damage)
             ... while petrified by a basilisk
             ... on level 6 of the Lair of Beasts.
             The game lasted 00:36:06 (15263 turns).

HoaS the Brawler (Ghoul Gladiator)                 Turns: 15263, Time: 00:36:08

Health: 0/114      AC: 17    Str: 20    XL:     13   Next: 89%
Magic:  0/12       EV:  2    Int:  3    God:    Makhleb [*****.]
Gold:   969        SH:  0    Dex: 13    Spells: 12/12 levels left

rFire    + . .     SeeInvis .     - Unarmed
rCold    + . .     Faith    .   (no shield)
rNeg     + + +     Spirit   +   G - +0 plate armour
rPois    ∞         Reflect  .   b - +1 helmet
rElec    .         Harm     .   D - scarf {repulsion}
rCorr    .                      (no gloves)
MR       .....                  k - +0 pair of boots
Stlth    ..........             H - amulet of guardian spirit
HPRegen  0.00/turn              C - ring of protection from fire
MPRegen  0.13/turn              y - +4 ring of evasion

@: mighty, petrified, repel missiles
A: rotting body, claws 1, cold resistance 1, negative energy resistance 3,
inhibited regeneration, torment resistance, unbreathing
a: Minor Destruction, Lesser Servant of Makhleb, Major Destruction, Greater
Servant of Makhleb, Renounce Religion


You were on level 6 of the Lair of Beasts.
You worshipped Makhleb.
Makhleb was extremely pleased with you.
You visited 3 branches of the dungeon, and saw 17 of its levels.
You also visited: Sewer.

You collected 969 gold pieces.

Inventory:

Missiles
 e - 6 atropa-tipped darts
 l - 82 poisoned darts (quivered)
 A - 9 boomerangs
 I - 2 throwing nets
Armour
 b - a +1 helmet (worn)
 k - a +0 pair of boots (worn)
 D - a scarf of repulsion (worn)
 G - a +0 plate armour (worn)
Jewellery
 c - an uncursed ring of ice
 o - an uncursed ring of flight
 x - an uncursed ring of see invisible
 y - a +4 ring of evasion (right claw)
 C - a ring of protection from fire (left claw)
 H - an amulet of guardian spirit (around neck)
Wands
 a - a wand of flame (15)
 d - a wand of disintegration (12)
 i - a wand of enslavement (14)
 n - a wand of paralysis (12)
 t - a wand of acid (12)
 w - a wand of polymorph (8)
 B - a wand of iceblast (8)
 J - a wand of random effects (17)
Scrolls
 m - 4 scrolls of magic mapping
 p - 3 scrolls of fear
 r - a scroll of remove curse
 u - a scroll of identify
 v - 3 scrolls of teleportation
 E - 3 scrolls of fog
Potions
 f - 2 potions of haste
 g - a potion of heal wounds
 h - 3 potions of curing
 j - a potion of degeneration {unknown}
 q - 2 potions of cancellation
 s - a potion of magic {unknown}
 z - a potion of flight {unknown}


   Skills:
 + Level 10.6 Fighting
 - Level 1.7 Throwing
 + Level 8.7 Armour
 + Level 9.2 Dodging
 * Level 17.6 Unarmed Combat


You had 12 spell levels left.
You didn't know any spells.
Your spell library contained the following spells:

 Spells                   Type           Power        Failure   Level
 Animate Skeleton         Necr           #.....       100%        1
 Apportation              Tloc           #.....       100%        1
 Corona                   Hex            #......      100%        1
 Pain                     Necr           #...         100%        1
 Summon Small Mammal      Summ           #...         100%        1
 Vampiric Draining        Necr           #.........   100%        3
 Animate Dead             Necr           #.........   100%        4
 Agony                    Necr           #.......     100%        5
 Beastly Appendage        Tmut           Unusable     N/A         1
 Wereblood                Tmut           Unusable     N/A         2
 Spider Form              Tmut/Pois      Unusable     N/A         3
 Ice Form                 Ice/Tmut       Unusable     N/A         4
 Blade Hands              Tmut           Unusable     N/A         5

Dungeon Overview and Level Annotations

Branches:
Dungeon (10/15)            Temple (1/1) D:6            Lair (6/6) D:9
 Shoals (0/4) Lair:2        Snake (0/4) Lair:3          Orc (0/2) D:10
  Sewer (visited)
  Slime: Lair:5-6

Altars:
Ashenzari
Cheibriados
Dithmenos
Elyvilon
Fedhas
Gozag
Hepliaklqana
Kikubaaqudgha
Makhleb
Nemelex Xobeh
Okawaru
Qazlal
Ru
Sif Muna
Trog
Uskayaw
Vehumet
Wu Jian
Xom
Yredelemnul
Zin
The Shining One
Beogh
Jiyva


Innate Abilities, Weirdness & Mutations

Your body is rotting away.
You thrive by killing the living.
You are immune to poison.
You have sharp fingernails.
Your flesh is cold resistant. (rC+)
You are immune to negative energy. (rN+++)
You do not regenerate when monsters are visible.
You are immune to unholy pain and torment.
You can survive without breathing.


Message History

Your limbs are stiffening.
You claw the cane toad!
The cane toad is moderately wounded.
The cane toad stings you but does no damage.
The polar bear bites you but does no damage.
The polar bear claws you but does no damage. x2
You mangle the cane toad!!
The cane toad is almost dead.
The cane toad stings you!
* * * LOW HITPOINT WARNING * * *
The polar bear bites you!
* * * LOW HITPOINT WARNING * * *
The polar bear closely misses you. The polar bear completely misses you.
The cane toad stings you.
* * * LOW HITPOINT WARNING * * *
You have turned to stone.
The polar bear bites you.
* * * LOW HITPOINT WARNING * * *
The polar bear claws you.
You die...

......... #
......... #.
####=.......
##.#.#P........
...............
...............
......h........
......F@....#
.......†....#
.........P#.P.#
.........PPP...
............. .
...............
...........P...
...........##.#


You could see a polar bear and a cane toad.

Vanquished Creatures
  Snorg (Lair:3)
  Fannar (D:10)
  4 hydras
  3 death yaks (D:9)
  A queen ant (Lair:3)
  An unseen horror (D:10)
  4 black mambas
  Joseph (D:10)
  Psyche (D:10)
  12 cane toads
  4 komodo dragons
  Maggie (D:6)
  A troll (D:9)
  25 blink frogs
  A tyrant leech (Lair:6)
  5 dream sheep (Lair:5)
  4 hippogriffs
  A snapping turtle (Lair:2)
  A wyvern (Lair:2)
  8 wraiths (D:7)
  27 yaks
  A basilisk (Lair:6)
  2 steam dragons
  3 vampire mosquitoes
  6 soldier ants (Lair:3)
  10 porcupines
  3 black bears
  An ice beast (D:8)
  7 water moccasins
  3 orc warriors
  2 sky beasts
  4 ogres
  A phantom (D:7)
  15 wolves
  2 centaurs
  7 crocodiles
  3 big kobolds
  23 bullfrogs
  A water moccasin zombie (D:5)
  A scorpion (D:4)
  5 jellies
  A water moccasin skeleton (D:5)
  5 killer bees
  7 wights
  An electric eel (Lair:2)
  A howler monkey (D:8)
  A bullfrog zombie (D:6)
  A centaur zombie (D:10)
  3 hounds (D:8)
  7 orc priests
  A bullfrog skeleton (D:7)
  2 gnoll shamans
  4 orc wizards
  2 iguanas (D:10)
  Natasha (twice) (D:3)
  17 worker ants
  2 hound zombies (D:7)
  2 hound skeletons
  Robin (D:2)
  A howler monkey zombie (D:9)
  3 worker ant zombies
  13 gnolls
  16 adders
  A howler monkey skeleton (D:9)
  4 shadow imps
  2 white imps
  An ufetubus (D:8)
  2 oozes
  4 adder skeletons
  4 worms
  A dart slug (D:1)
  8 leopard geckos
  48 orcs
  3 giant cockroaches
  13 goblins
  5 hobgoblins
  11 jackals
  3 quokkas
  7 ball pythons
  10 bats
  10 frilled lizards
  2 jackal zombies
  25 kobolds
  A leopard gecko skeleton (D:9)
  A quokka skeleton (D:7)
  A quokka zombie (D:6)
  5 rats
  A spectral orc (D:3)
473 creatures vanquished.

Vanquished Creatures (others)
  3 worker ants (D:7)
  An adder (D:7)
  2 kobolds (D:9)
  2 fungi (Lair:3)
  3 plants (Lair:6)
11 creatures vanquished.

Grand Total: 484 creatures vanquished

Notes
Turn   | Place    | Note
-------+----------+-------------------------------------------
     0 | D:1      | HoaS the Ghoul Gladiator began the quest for the Orb.
     0 | D:1      | Reached XP level 1. HP: 17/17 MP: 0/0
    57 | D:1      | Reached XP level 2. HP: 18/24 MP: 1/1
    70 | D:1      | Reached skill level 4 in Unarmed Combat
   284 | D:1      | Reached XP level 3. HP: 29/29 MP: 2/2
   622 | D:2      | Found a glowing golden altar of the Shining One.
   732 | D:2      | Reached skill level 5 in Unarmed Combat
   747 | D:2      | Noticed Robin
   770 | D:2      | Killed Robin
   770 | D:2      | Reached XP level 4. HP: 35/36 MP: 3/3
   784 | D:2      | Found a blossoming altar of Fedhas.
  1465 | D:3      | Reached skill level 6 in Unarmed Combat
  1493 | D:3      | Found a stormy altar of Qazlal.
  1504 | D:3      | Reached XP level 5. HP: 40/41 MP: 4/4
  2017 | D:3      | Found a faded altar of an unknown god.
  2155 | D:3      | Found a basalt altar of Yredelemnul.
  2316 | D:3      | Noticed Natasha
  2325 | D:3      | Killed Natasha
  2352 | D:3      | Noticed Natasha
  2360 | D:3      | Killed Natasha
  2360 | D:3      | Reached skill level 7 in Unarmed Combat
  2360 | D:3      | Reached XP level 6. HP: 31/48 MP: 5/5
  2582 | D:4      | Found a glowing drain.
  2610 | Sewer    | Entered a sewer
  3265 | D:4      | Reached skill level 8 in Unarmed Combat
  3564 | D:4      | Reached XP level 7. HP: 33/55 MP: 6/6
  3845 | D:4      | Reached skill level 9 in Unarmed Combat
  4287 | D:4      | Found an ornate altar of the Wu Jian Council.
  4330 | D:5      | Entered Level 5 of the Dungeon
  4433 | D:5      | Reached skill level 10 in Unarmed Combat
  4437 | D:5      | Reached XP level 8. HP: 46/61 MP: 7/7
  4517 | D:5      | Found a shadowy altar of Dithmenos.
  4778 | D:5      | Found an iron altar of Okawaru.
  4930 | D:6      | Found a shattered altar of Ashenzari.
  5013 | D:6      | Noticed Maggie
  5036 | D:6      | Killed Maggie
  5036 | D:6      | Reached skill level 11 in Unarmed Combat
  5670 | D:6      | Reached skill level 12 in Unarmed Combat
  5850 | D:6      | Reached XP level 9. HP: 61/68 MP: 8/8
  5922 | D:6      | Reached skill level 1 in Armour
  6038 | D:6      | Found a staircase to the Ecumenical Temple.
  6050 | Temple   | Entered the Ecumenical Temple
  6132 | Temple   | Became a worshipper of Makhleb the Destroyer
  6288 | D:7      | Got a glimmering ring mail
  6413 | D:7      | Identified the cursed +0 ring mail of Terror {rPois MR++
                  | Int-3 Dex-3} (You found it on level 7 of the Dungeon)
  6603 | D:7      | Found the +5 scythe "Finisher" {speed, eviscerate}
  6617 | D:7      | Reached * piety under Makhleb
  6617 | D:7      | Reached skill level 13 in Unarmed Combat
  6940 | D:7      | Reached XP level 10. HP: 80/80 MP: 9/9
  6961 | D:7      | Found a shimmering altar of Xom.
  7289 | D:7      | Reached skill level 5 in Fighting
  7685 | D:8      | Reached ** piety under Makhleb
  8100 | D:9      | Reached skill level 5 in Dodging
  8135 | D:9      | Found a staircase to the Lair.
  8135 | D:9      | Noticed a death yak
  8139 | D:9      | Noticed a death yak
  8144 | D:9      | Noticed a death yak
  8156 | D:9      | Killed a death yak
  8167 | D:9      | Killed a death yak
  8167 | D:9      | Reached skill level 14 in Unarmed Combat
  8245 | D:9      | Killed a death yak
  8245 | D:9      | Reached XP level 11. HP: 91/91 MP: 10/10
  8263 | D:9      | Reached skill level 5 in Armour
  8307 | D:9      | Found a roughly hewn altar of Beogh.
  8497 | D:9      | Reached *** piety under Makhleb
  8552 | D:9      | Found a viscous altar of Jiyva.
  8656 | D:9      | Found a snail-covered altar of Cheibriados.
  8877 | D:10     | Entered Level 10 of the Dungeon
  8949 | D:10     | Noticed Fannar
  9005 | D:10     | Killed Fannar
  9107 | D:10     | Noticed Joseph
  9128 | D:10     | Killed Joseph
  9397 | D:10     | Found a staircase to the Orcish Mines.
  9659 | D:10     | Noticed an unseen horror
  9671 | D:10     | Killed an unseen horror
  9758 | D:10     | Noticed Psyche
  9778 | D:10     | Killed Psyche
 10174 | Lair:1   | Entered Level 1 of the Lair of Beasts
 10243 | Lair:1   | Reached skill level 15 in Unarmed Combat
 10469 | Lair:1   | Reached XP level 12. HP: 101/101 MP: 11/11
 10827 | Lair:1   | Reached **** piety under Makhleb
 11998 | Lair:2   | Found a staircase to the Shoals.
 12132 | Lair:3   | Reached skill level 16 in Unarmed Combat
 12169 | Lair:3   | Reached ***** piety under Makhleb
 12228 | Lair:3   | Noticed a queen ant
 12246 | Lair:3   | Killed a queen ant
 12503 | Lair:3   | Found a staircase to the Snake Pit.
 12529 | Lair:3   | Noticed Snorg
 12548 | Lair:3   | Killed Snorg
 12758 | Lair:3   | Reached XP level 13. HP: 111/111 MP: 10/12
 13307 | Lair:4   | Reached skill level 17 in Unarmed Combat
 13311 | Lair:4   | Reached skill level 10 in Fighting
 14964 | Lair:6   | Entered Level 6 of the Lair of Beasts
 15257 | Lair:6   | HP: 4/114 [polar bear (5)]
 15262 | Lair:6   | HP: 3/114 [cane toad (4)]
 15263 | Lair:6   | Slain by a polar bear

Illustrated notes

Levels and vault maps discovered:
D:1:      minmay_arrival_semitransparent, layout_loops_ring
D:2:      layout_loops_corners, old_standard_altar, old_standard_altar,
          minmay_misc_feat_hallway, uniq_robin
D:3:      layout_basic, grunt_qazlal_sundering,
          yredelemnul_forgotten_temple_becter,
          chequers_ecumenical_altar_simple_redux, uniq_natasha
D:4:      layout_basic, overflow_temple_1_default, gup_sewer_entry_glass
D:5:      layout_basic, lemuel_crystal_altar, grunt_dithmenos_smoke_and_mirrors
D:6:      layout_loops_cross, nicolae_ashenzari_panopticon,
          minmay_temple_entry_nine_rooms, minmay_small_thing, uniq_maggie
D:7:      layout_gridville, xom_confusion_cloud, minmay_guarded_unrand_finisher
D:8:      layout_rooms, minmay_manual_monstrance
D:9:      layout_roguey [special_room_orc], nicolae_overflow_crystal_walls,
          dpeg_lair_monsters, jiyva_altar_1
D:10:     layout_cave_pods, david_orc_3, uniq_fannar, uniq_psyche, uniq_joseph
Temple:   dshaligram_water_room_temple
Lair:1:   layout_cave_pods
Lair:2:   layout_cave_pods, minmay_shoals_entry_hut,
          cheibrodos_lair_caveside_slide
Lair:3:   layout_chaotic_city, dummy_snake_entry, minivault_23,
          minmay_another_anthill, uniq_snorg
Lair:4:   layout_cave_pods
Lair:5:   layout_regular_city, minmay_hedge_maze
Lair:6:   minmay_lair_end_frog_pond, layout_long_grid, slime_altar_1

Skill      XL: |  1  2  3  4  5  6  7  8  9 10 11 12 13 |
---------------+----------------------------------------+-----
Unarmed Combat | 4 5 6 7 8 10 12 13 14 15 16 17 | 17.6
Armour         | 3 4 6 7 8 |  8.7
Dodging        | 4 5 7 8 9 |  9.2
Fighting       | 4 6 8 9 10 | 10.6
Throwing       | |  1.7

Action                   |  1- 3 |  4- 6 |  7- 9 | 10-12 | 13-15 || total
-------------------------+-------+-------+-------+-------+-------++-------
Melee: Unarmed           |    96 |   253 |   293 |   818 |   313 ||  1773
       Punch             |     2 |     5 |    12 |    57 |    24 ||   100
Throw: Throwing net      |       |       |     5 |     3 |       ||     8
       Dart              |       |       |     1 |     9 |       ||    10
  Use: Scroll            |     2 |     5 |    11 |    11 |     2 ||    31
       Potion            |       |       |     2 |     9 |     3 ||    14
 Stab: Held in net/web   |       |       |     4 |       |       ||     4
       Sleeping          |       |       |     1 |     1 |       ||     2
Armor: Leather armour    |    33 |     1 |       |       |       ||    34
       Scale mail        |       |    32 |       |       |       ||    32
       Chain mail        |       |   103 |    75 |    82 |       ||   260
       Steam dragon scal |       |       |    26 |    59 |       ||    85
       Plate armour      |       |       |       |   203 |   203 ||   406
Dodge: Dodged            |    65 |   111 |   131 |   510 |   230 ||  1047
       Repelled          |       |       |       |     1 |       ||     1

Table legend: (Time is in decaauts)
 A = Elapsed time spent in this place.
 B = Non-inter-level travel time spent in this place.
 C = Inter-level travel time spent in this place.
 D = Time resting spent in this place.
 E = Time spent auto-exploring this place.
 F = Levels seen in this place.
 G = Mean time per level.
                   A        B        C        D        E       F      G
               +--------+--------+--------+--------+--------+-----+--------+
         Total |  15052 |  14591 |    461 |   1773 |   9740 |  18 |  836.2 |
       Dungeon |   9388 |   9060 |    328 |   1482 |   5633 |  10 |  938.8 |
        Temple |     92 |     92 |      0 |      0 |     69 |   1 |   92.0 |
          Lair |   4852 |   4719 |    133 |    291 |   3495 |   6 |  808.7 |
         Sewer |    719 |    719 |      0 |      0 |    542 |   1 |  719.0 |
               +--------+--------+--------+--------+--------+-----+--------+

Top non-repeatable levels by time:
    D:10: 1208 daAuts
     D:4: 1188 daAuts
     D:7: 1160 daAuts
     D:3: 1130 daAuts
  Lair:3: 1088 daAuts
     D:6: 961 daAuts
  Lair:5: 955 daAuts
  Lair:2: 955 daAuts
     D:9: 890 daAuts
  Lair:4: 873 daAuts
     D:2: 845 daAuts
  Lair:1: 841 daAuts
     D:5: 784 daAuts
   Sewer: 719 daAuts
     D:8: 658 daAuts
